 Dungeon Crawl Stone Soup version 0.21.1-1-g345015f (webtiles) character file.

62 nicolaieve the Insei (level 4, 0/28 HPs)
             Began as an Octopode Transmuter on June 9, 2018.
             Slain by a gnoll (2 damage)
             ... on level 2 of the Dungeon.
             The game lasted 00:15:35 (1687 turns).

nicolaieve the Insei (Octopode Transmuter)          Turns: 1687, Time: 00:15:35

Health: 0/28       AC:  1    Str: 10    XL:     4   Next: 8%
Magic:  6/7        EV: 13    Int: 15    God:
Gold:   145        SH:  0    Dex: 12    Spells: 6/7 levels left

rFire    . . .     SeeInvis .     - Unarmed
rCold    . . .     Gourm    .   (no shield)
rNeg     . . .     Faith    .   (helmet restricted)
rPois    .         Spirit   .   (no amulet)
rElec    .         Reflect  .   (no ring)
rCorr    .         Harm     .   (no ring)
MR       .....                  (no ring)
Stlth    ++........             (no ring)
HPRegen  0.09/turn              (no ring)
MPRegen  0.10/turn              (no ring)
                                (no ring)
                                (no ring)

@: appendage
A: almost no armour, stealthy swim, amphibious, 8 rings, constrict 8, tentacle
spike 3, camouflage 1, gelatinous body 1
a: End Transformation


You were on level 2 of the Dungeon.
You were hungry.
One of your tentacles had a temporary spike.
You visited 1 branch of the dungeon, and saw 3 of its levels.

You collected 145 gold pieces.

Inventory:

Hand Weapons
 f - a +0 spear
Missiles
 a - 48 arrows
 e - 57 stones (quivered)
Armour
 i - a +0 pair of gloves
Scrolls
 d - 4 scrolls of identify {unknown}
 h - 2 scrolls of teleportation {unknown}
 k - a scroll of amnesia {unknown}
 m - 4 scrolls of magic mapping {unknown}
 n - a scroll of immolation {unknown}
 o - a scroll of enchant armour {unknown}
 p - a scroll of remove curse {unknown}
Potions
 g - 3 potions of curing {unknown}
 l - a potion of lignification {unknown}
Books
 b - a book of Changes

   Spells                             Type                      Level
   a - Beastly Appendage              Transmutation                1
   b - Sticks to Snakes               Transmutation                2
   c - Spider Form                    Transmutation/Poison         3
   d - Ice Form                       Ice/Transmutation            4
   e - Blade Hands                    Transmutation                5
Comestibles
 c - 6 rations


   Skills:
 - Level 1.3 Fighting
 - Level 2.1 Dodging
 - Level 0.3 Stealth
 + Level 4.1 Unarmed Combat
 - Level 2.3 Spellcasting
 - Level 2.3 Transmutations


You had 6 spell levels left.
You knew the following spells:

 Your Spells              Type           Power        Failure   Level  Hunger
a - Beastly Appendage     Tmut           #.....       9%          1    #......


Dungeon Overview and Level Annotations

Branches:
Dungeon (3/15)

Altars:


Innate Abilities, Weirdness & Mutations

You cannot wear most types of armour.
You are very stealthy in the water. (Stealth+)
You are amphibious.
You can wear up to eight rings at the same time.
You can use your tentacles to constrict eight enemies at once.
Your skin changes colour to match your surroundings (Stealth+).
Your rubbery body absorbs attacks. (AC +1, EV +1)
One of your tentacles bears a large vicious spike.


Message History

Confirm with . or Enter, or press ? or * to list all spells.
Okay, then.
There is an open door here.
The gnoll closely misses you.
There is a stone staircase leading up here.
The gnoll hits you.
* * * LOW HITPOINT WARNING * * *
All of the chunks of flesh in your inventory have rotted away.
You climb upwards.
There is a stone staircase leading down here.
Casting: Beastly Appendage
Confirm with . or Enter, or press ? or * to list all spells.
One of your tentacles grows a vicious spike.
The gnoll misses you.
You tentacle-slap the gnoll but do no damage.
You grab the gnoll. You constrict the gnoll. The gnoll closely misses you.
You tentacle-slap the gnoll but do no damage.
The gnoll is lightly wounded.
You constrict the gnoll. The gnoll hits you.
You die...

........#.#.......#
#####.#.#.#...#####
#.#.#.#...##
#####.#.#.#.#..#
......).# #.#..#
........# ..##.##
#####...######..#
..# ##### ##)## #.#
#g@# #'#########
##.# ..........#
#.# ........>.# #.#
..........######.#
.................#
..........########
..........#
......รท...#


You could see a gnoll.

Vanquished Creatures
  2 gnolls (D:3)
  A dart slug (D:1)
  A leopard gecko (D:2)
  4 bats
  4 giant cockroaches
  2 goblins
  9 hobgoblins
  2 jackals (D:2)
  A quokka (D:2)
  2 frilled lizards (D:2)
  3 kobolds
  5 rats
36 creatures vanquished.

Notes
Turn   | Place    | Note
-------+----------+-------------------------------------------
     0 | D:1      | nicolaieve the Octopode Transmuter began the quest for the Orb.
     0 | D:1      | Reached XP level 1. HP: 13/13 MP: 3/3
   202 | D:1      | Reached XP level 2. HP: 12/18 MP: 3/5
   994 | D:2      | Reached XP level 3. HP: 21/23 MP: 4/6
  1669 | D:3      | Reached skill level 4 in Unarmed Combat
  1669 | D:3      | Reached XP level 4. HP: 5/28 MP: 7/7
  1687 | D:2      | Slain by a gnoll

Skill      XL: |  1  2  3 |
---------------+----------+-----
Unarmed Combat | 4 |  4.1
Fighting       | |  1.3
Dodging        | |  2.1
Stealth        | |  0.3
Spellcasting   | |  2.3
Transmutations | |  2.3

Action                   |  1- 3 |  4- 6 || total
-------------------------+-------+-------++-------
Melee: Unarmed           |    77 |     2 ||    79
       Constrict         |    27 |     1 ||    28
       Kick              |    16 |       ||    16
       Tentacles         |    10 |       ||    10
       Punch             |     2 |       ||     2
 Cast: Beastly Appendage |    20 |     1 ||    21
 Stab: Sleeping          |     5 |       ||     5
  Eat: Chunk             |     2 |       ||     2
Armor: Skin              |    15 |       ||    15
Dodge: Dodged            |    47 |     3 ||    50
